 Dungeon Crawl Stone Soup version 0.29-a0-998-g1987434951 (webtiles) character file.

Game seed: 4241950905167848279

125 vurker the Shooter (level 4, -1/40 HPs)
             Began as a Minotaur Hunter on Aug 5, 2022.
             Succumbed to a scorpion's poison
             ... on level 3 of the Dungeon.
             The game lasted 00:02:11 (1476 turns).

vurker the Shooter (Minotaur Hunter)                Turns: 1476, Time: 00:02:12

Health: -1/40      AC:  4    Str: 17    XL:     4   Next: 82%
Magic:  3/3        EV: 12    Int:  6    God:
Gold:   153        SH:  0    Dex: 14    Spells: 3/3 levels left

rFire   . . .      SeeInvis .   a - +0 shortbow (chaos)
rCold   . . .      Faith    .   (shield currently unavailable)
rNeg    . . .      Spirit   .   c - +1 leather armour
rPois   .          Reflect  .   (helmet restricted)
rElec   .          Harm     .   (no cloak)
rCorr   .          Rampage  .   (no gloves)
Will    .....                   (no boots)
Stlth   +.........              (no amulet)
HPRegen 0.13/turn               (no ring)
MPRegen 0.08/turn               (no ring)

@: lethally poisoned (-1 -> -15)
A: horns 2, retaliatory headbutt
a: no special abilities


You were on level 3 of the Dungeon.
You visited 1 branch of the dungeon, and saw 3 of its levels.

You collected 153 gold pieces.

Inventory:

Hand Weapons
 a - a +0 shortbow of chaos (weapon)
Armour
 c - a +1 leather armour (worn)
Scrolls
 b - a scroll of immolation
 d - a scroll of enchant armour
 e - a scroll of identify
 f - a scroll of fear
Potions
 g - 3 potions of curing
 h - a potion of haste {unknown}
 i - a potion of ambrosia
 k - a potion of resistance
 l - a potion of invisibility


   Skills:
 + Level 4.0 Fighting
 * Level 6.1 Ranged Weapons
 - Level 2.1 Dodging
 - Level 0.7 Stealth


You had 3 spell levels left.
You didn't know any spells.
Your spell library contained the following spells:

 Spells                   Type           Power      Damage    Failure   Level
 Foxfire                  Conj/Fire      0%         2x1d4     52%         1
 Sublimation of Blood     Necr           0%         N/A       67%         2
 Wereblood                Tmut           0%         N/A       67%         2
 Conjure Flame            Conj/Fire      0%         6-21      88%         3
 Inner Flame              Hex/Fire       0%         N/A       88%         3
 Flame Wave               Conj/Fire      0%         2d4       99%         4
 Summon Hydra             Summ           0%         N/A       100%        7


Dungeon Overview and Level Annotations

Branches:
Dungeon (3/15)

Altars:


Innate Abilities, Weirdness & Mutations

You have a pair of horns on your head.
You reflexively headbutt those who attack you in melee.


Message History

You shoot an arrow. The arrow hits the endoplasm.
You kill the endoplasm!
A scorpion is nearby!
You shoot an arrow. The arrow closely misses the scorpion.
A scorpion is nearby!
You shoot an arrow.
The arrow hits the scorpion but does no damage.
The scorpion stings you.
You shoot an arrow. The arrow hits the scorpion.
The arrow burns the scorpion.
The scorpion stings you.
A scorpion is nearby!
You shoot an arrow. The arrow barely misses the scorpion.
The scorpion stings you. The scorpion barely misses you.
You furiously retaliate!
You headbutt the scorpion. You shoot an arrow.
The arrow barely misses the scorpion.
The scorpion barely misses you.
You shoot an arrow. The arrow hits the scorpion.
The arrow freezes the scorpion.
The scorpion stings you.
You shoot an arrow. The arrow hits the scorpion.
The arrow freezes the scorpion.
The scorpion stings you.
You are poisoned.
The scorpion poisons you! The scorpion barely misses you.
You shoot an arrow. The arrow closely misses the scorpion.
You feel sick. The scorpion stings you.
You shoot an arrow. The arrow barely misses the scorpion.
You feel sick. The scorpion stings you.
* * * LOW HITPOINT WARNING * * *
You are more poisoned.
The scorpion poisons you! The scorpion stings you.
* * * LOW HITPOINT WARNING * * *
You are lethally poisoned!
The scorpion poisons you!
Fire: a) +0 shortbow (chaos)
Aim: a scorpion (severely wounded, 64% to hit)
You shoot an arrow. The arrow barely misses the scorpion.
* * * LOW HITPOINT WARNING * * *
You feel very sick. The scorpion closely misses you.
Fire: a) +0 shortbow (chaos)
Aim: a scorpion (severely wounded, 64% to hit)
You shoot an arrow. The arrow hits the scorpion.
* * * LOW HITPOINT WARNING * * *
You feel very sick. The scorpion closely misses you.
Fire: a) +0 shortbow (chaos)
Aim: a scorpion (almost dead, 64% to hit)
You shoot an arrow.
The arrow hits the scorpion but does no damage.
The scorpion goes berserk!
You die...

##.##.(.............,,***
*,
#.########..###...,,,,,***,
#.# #..# *,,,,,,,,,,,, #.#
#..# **,,,,,,,,,,, #.#
#..####...,,,,**** #.#
#.......#,,,,,* #.#
#.#####.#,*,*** *,* #.#
*,*,*,****** *,*
***#@#****,*,,,,,,,,,
*,****#..s........,,,,**,**
*,,.....##.#####..,,,,,*,**
***####**#.#***,,,***,*,,**
#..,,,,*,* *,**,**
###***,,,***,*,,**
***,,,,,,*,** ***,*,**,**
*,*,,,,**


You could see a scorpion (berserk).

Vanquished Creatures
  Jessica (D:2)
  An iguana (D:2)
  4 adders
  A dart slug (D:2)
  7 endoplasms
  A goblin (D:1)
  2 hobgoblins
  A quokka (D:2)
  3 ball pythons (D:1)
  10 bats
  3 frilled lizards
  4 kobolds (D:1)
  5 rats
43 creatures vanquished.

Notes
Turn   | Place    | Note
-------+----------+-------------------------------------------
     0 | D:1      | vurker the Minotaur Hunter began the quest for the Orb.
     0 | D:1      | Reached XP level 1. HP: 18/18 MP: 0/0
   113 | D:1      | Reached XP level 2. HP: 25/25 MP: 1/1
   454 | D:1      | Reached skill level 5 in Ranged Weapons
   786 | D:2      | Reached XP level 3. HP: 31/31 MP: 2/2
  1041 | D:2      | Reached XP level 4. HP: 38/38 MP: 3/3
  1083 | D:2      | Noticed Jessica
  1091 | D:2      | Killed Jessica
  1216 | D:2      | Reached skill level 6 in Ranged Weapons
  1462 | D:3      | Noticed a scorpion
  1475 | D:3      | HP: 2/40 [poisoned by a scorpion]
  1476 | D:3      | Succumbed to a scorpion's poison

Illustrated notes

Levels and vault maps discovered:
D:1:      dpeg_arrival_rooms_with_view, layout_loops_ring, hex_medium
D:2:      layout_rooms, uniq_jessica
D:3:      layout_loops_ring, hellmonk_ecumenical_altar_zigzags

Skill      XL: |  1  2  3  4 |
---------------+-------------+-----
Fighting       | 3 4 |  4.0
Ranged Weapons | 5 6 |  6.1
Dodging        | |  2.1
Stealth        | |  0.7

Action                   |  1- 3 |  4- 6 || total
-------------------------+-------+-------++-------
 Fire: Shortbow          |   105 |    48 ||   153
  Use: Scroll            |       |    10 ||    10
Armor: Leather armour    |    16 |     3 ||    19
Dodge: Dodged            |    27 |    14 ||    41

Table legend: (Time is in decaauts)
 A = Elapsed time spent in this place.
 B = Non-inter-level travel time spent in this place.
 C = Inter-level travel time spent in this place.
 D = Time resting spent in this place.
 E = Time spent auto-exploring this place.
 F = Levels seen in this place.
 G = Mean time per level.
                   A        B        C        D        E       F      G
               +--------+--------+--------+--------+--------+-----+--------+
         Total |   1518 |   1460 |     58 |     65 |   1064 |   3 |  506.0 |
       Dungeon |   1518 |   1460 |     58 |     65 |   1064 |   3 |  506.0 |
               +--------+--------+--------+--------+--------+-----+--------+

Top non-repeatable levels by time:
     D:1: 899 daAuts
     D:2: 511 daAuts
     D:3: 107 daAuts
